 Dungeon Crawl Stone Soup version 0.22-a0-812-g4c1e2d5471 (webtiles) character file.

12672 KristianNielsen the Protected (level 11, 0/74 HPs)
             Began as a Gargoyle Fighter on July 23, 2018.
             Was an Elder of the Shining One.
             Slain by a 14-headed hydra (6 damage)
             ... on level 11 of the Dungeon.
             The game lasted 00:43:25 (11184 turns).

KristianNielsen the Protected (Gargoyle Fighter)   Turns: 11184, Time: 00:43:26

Health: 0/74       AC: 28    Str: 24    XL:     11   Next: 97%
Magic:  26/26      EV:  7    Int: 11    God:    the Shining One [****..]
Gold:   287        SH:  9    Dex:  9    Spells: 10/10 levels left

rFire    + . .     SeeInvis .   m - +0 halberd
rCold    . . .     Gourm    +   (shield currently unavailable)
rNeg     + + +     Faith    .   b - +1 plate armour
rPois    ∞         Spirit   .   P - +0 helmet "Tigobase" {rF+}
rElec    +         Reflect  .   c - scarf {repulsion}
rCorr    .         Harm     .   h - +0 pair of gloves
MR       .....                  x - +0 pair of boots
Stlth    ..........             a - amulet of the gourmand
HPRegen  0.22/turn              q - +3 ring of intelligence
MPRegen  0.20/turn              z - ring of magical power

@: divine shield, vulnerable, glowing, repel missiles
A: negative energy resistance 1, electricity resistance, unbreathing,
petrification resistance, rot immunity, AC +8
a: Divine Shield, Cleansing Flame, Renounce Religion


You were on level 11 of the Dungeon.
You worshipped the Shining One.
The Shining One was greatly pleased with you.
You were very full.

You visited 1 branch of the dungeon, and saw 11 of its levels.

You collected 581 gold pieces.
You spent 294 gold pieces at shops.

Inventory:

Hand Weapons
 m - a +0 halberd (weapon)
 B - a +0 shortbow of velocity
Missiles
 k - 153 arrows
 u - 6 poisoned tomahawks (quivered)
 J - 63 bolts
Armour
 b - a +1 plate armour (worn)
 c - a scarf of repulsion (worn)
 h - a +0 pair of gloves (worn)
 t - a scarf of resistance
 x - a +0 pair of boots (worn)
 P - the +0 helmet "Tigobase" (worn) {rF+}
   (You bought it in a shop on level 10 of the Dungeon)

   It protects you from fire.
Jewellery
 a - an amulet of the gourmand (around neck)
 g - an uncursed ring of poison resistance {unknown}
 q - a +3 ring of intelligence (left hand)
 z - a ring of magical power (right hand)
 O - a cursed ring of teleportation {unknown}
Wands
 w - a wand of paralysis (4)
 E - a wand of acid (2)
 M - a wand of disintegration (8)
Scrolls
 l - 3 scrolls of enchant armour
 n - 5 scrolls of teleportation
 o - a scroll of immolation
 p - 2 scrolls of magic mapping
 r - 7 scrolls of identify
 s - 2 scrolls of enchant weapon
 v - a scroll of holy word {unknown}
 C - a scroll of remove curse
 G - a scroll of silence {unknown}
 H - 3 scrolls of vulnerability
 K - a scroll of torment
Potions
 d - 3 potions of might
 i - 4 potions of agility
 j - 2 potions of berserk rage
 D - a potion of lignification {unknown}
 F - a potion of mutation {unknown}
 I - 2 potions of curing {unknown}
 N - 4 potions of flight {unknown}
Comestibles
 f - 24 rations


   Skills:
 + Level 11.3 Fighting
   Level 3.3 Maces & Flails
 + Level 8.3 Polearms
 + Level 11.4 Armour
   Level 4.0 Shields
 + Level 8.2 Invocations


You had 10 spell levels left.
You didn't know any spells.
Your spell library contained the following spells:

 Spells                   Type           Power        Failure   Level  Hunger
 Mephitic Cloud           Conj/Pois/Air  #.......     100%        3    ####...
 Venom Bolt               Conj/Pois      #.........   100%        5    ######.
 Olgreb's Toxic Radiance  Pois           #.......     100%        4    #####..
 Sting                    Conj/Pois      #...         98%         1    ##.....
 Stone Arrow              Conj/Erth      #.....       100%        3    ####...
 Passwall                 Tmut/Erth      #.......     99%         2    ###....
 Lee's Rapid Deconstruct  Erth           #.........   100%        5    ######.
 Sandblast                Erth           #.....       98%         1    ##.....
 Petrify                  Tmut/Erth      #.......     100%        4    #####..
 Poisonous Vapours        Pois/Air       #.....       99%         2    ###....


Dungeon Overview and Level Annotations

Branches:
Dungeon (11/15)            Temple (0/1) D:5            Lair (0/6) D:9
    Orc: D:9-12

Altars:
Ashenzari
Cheibriados
Fedhas
Kikubaaqudgha
Ru
Vehumet
Yredelemnul
Zin
The Shining One

Shops:
D:10 [

Annotations:
D:11 Urug


Innate Abilities, Weirdness & Mutations

You are resistant to torment.
Your stone body is resilient. (AC +8)
You are immune to poison.
You resist negative energy. (rN+)
You are resistant to electric shocks. (rElec)
You can survive without breathing.
You are immune to petrification.
You are immune to rotting.


Message History

You block the 14-headed hydra's attack.
The 14-headed hydra closely misses you. x2
The 14-headed hydra barely misses you.
The 14-headed hydra bites you but does no damage. x2
The 14-headed hydra barely misses you.
The 14-headed hydra bites you but does no damage.
You block the 14-headed hydra's attack. The 14-headed hydra closely misses you.
The 14-headed hydra bites you but does no damage.
Unknown command.
Remove which piece of jewellery? (? for menu, Esc to quit)
Okay, then.
As you read the scroll labeled YGOPO RABAX, it crumbles to dust.
You feel a surge of unholy energy.
The 14-headed hydra convulses!
The centaur convulses! x4; The orc wizard convulses!
The Shining One forgives your inadvertent evil act, just this once.
It was a scroll of torment.
The orc wizard gestures wildly while chanting.
The orc wizard blinks!
The 14-headed hydra bites you but does no damage.
The 14-headed hydra bites you.
You die...

#..##..#...#....#...#
#.#.#
.......#....#...#§#.#
#.#.# #..'.#.#[#.##.[.#
#.#.# #..##.#(#.#cc(#.#
#.#.#
#..#...#....#(##....#.#
#..#....#.c.#.# #####.#
# #..#8..#c.c8#.. .#
#...####D###..%.# ###.
#<.....@....(.#.#
#?#...
#.####.######.#.#
##.....##.# #.# .#.#
...(......# #. ##
.##...##### #. ##. #. #
#. #.


You could see a 14-headed hydra and 5 centaurs.

Vanquished Creatures
  Harold (D:9)
  Erica (D:9)
  4 two-headed ogres
  An unseen horror (D:11)
  Pikel (D:7)
  Maurice (D:9)
  A gargoyle (D:10)
  3 trolls
  A hornet (D:10)
  A spriggan (D:10)
  2 basilisks (D:9)
  A wyvern (D:9)
  5 yaks
  A water moccasin (D:6)
  2 orc warriors
  A hornet zombie (D:9)
  3 ice beasts
  A swamp drake (D:9)
  5 phantoms
  4 ogres
  5 centaurs
  2 crocodiles (D:9)
  2 bullfrogs (D:6)
  A wyvern skeleton (D:7)
  4 scorpions
  9 killer bees
  8 wights
  3 vampire bats (D:5)
  3 howler monkeys
  9 crimson imps
  A jelly (D:7)
  2 quasits (D:6)
  2 orc priests
  A bullfrog skeleton (D:7)
  4 hounds
  6 orc wizards
  3 centaur skeletons
  4 iguanas
  Ijyb (D:3)
  6 worker ants
  A hound zombie (D:9)
  A hound skeleton (D:11)
  Robin (D:4)
  7 gnolls
  A howler monkey skeleton (D:4)
  11 adders
  4 white imps (D:10)
  2 oozes
  An adder zombie (D:8)
  4 worms
  7 leopard geckos
  24 orcs
  3 bat skeletons (D:5)
  2 bat zombies (D:5)
  5 giant cockroaches
  12 goblins
  10 hobgoblins
  15 jackals
  6 kobolds
  5 quokkas
  3 ball pythons
  4 bats
  2 frilled lizards
  A leopard gecko skeleton (D:8)
  A quokka skeleton (D:6)
  5 rats
254 creatures vanquished.

Vanquished Creatures (others)
  A slave (D:7)
  A killer bee (D:7)
  3 orcs (D:9)
5 creatures vanquished.

Grand Total: 259 creatures vanquished

Notes
Turn   | Place    | Note
-------+----------+-------------------------------------------
     0 | D:1      | KristianNielsen the Gargoyle Fighter began the quest for the Orb.
     0 | D:1      | Reached XP level 1. HP: 14/14 MP: 1/1
   331 | D:1      | Reached XP level 2. HP: 19/19 MP: 2/2
   746 | D:1      | Reached XP level 3. HP: 23/23 MP: 3/3
  1554 | D:2      | Found a glowing silver altar of Zin.
  1554 | D:2      | Noticed an angel
  1784 | D:2      | Reached XP level 4. HP: 28/29 MP: 4/4
  2268 | D:2      | Found a glowing golden altar of the Shining One.
  2278 | D:2      | Became a worshipper of the Shining One
  2456 | D:3      | Noticed Ijyb
  2459 | D:3      | Paralysed by Ijyb for 6 turns
  2467 | D:3      | Paralysed by Ijyb for 5 turns
  2475 | D:3      | Paralysed by Ijyb for 7 turns
  2485 | D:3      | Killed Ijyb
  2485 | D:3      | Reached XP level 5. HP: 33/33 MP: 5/5
  2810 | D:3      | Found a snail-covered altar of Cheibriados.
  3432 | D:3      | Found a snail-covered altar of Cheibriados.
  3591 | D:3      | Reached XP level 6. HP: 22/39 MP: 6/6
  4062 | D:4      | Reached skill level 5 in Armour
  4075 | D:4      | Reached skill level 5 in Fighting
  4244 | D:4      | Noticed Robin
  4265 | D:4      | Killed Robin
  4363 | D:4      | Reached XP level 7. HP: 30/45 MP: 7/7
  4549 | D:4      | Reached * piety under the Shining One
  4738 | D:5      | Entered Level 5 of the Dungeon
  4809 | D:5      | Reached skill level 1 in Polearms
  4905 | D:5      | Found a snail-covered altar of Cheibriados.
  5223 | D:5      | Reached XP level 8. HP: 51/52 MP: 8/8
  5282 | D:5      | Found an ancient bone altar of Kikubaaqudgha.
  5337 | D:5      | Found a staircase to the Ecumenical Temple.
  5675 | D:6      | You fall through a shaft for 2 floors!
  5701 | D:6      | Reached ** piety under the Shining One
  5985 | D:6      | Reached XP level 9. HP: 59/59 MP: 9/9
  6286 | D:6      | Reached skill level 1 in Invocations
  6399 | D:7      | Found a blossoming altar of Fedhas.
  6401 | D:7      | Found a shattered altar of Ashenzari.
  6405 | D:7      | Found a radiant altar of Vehumet.
  6668 | D:7      | Noticed Pikel
  6683 | D:7      | Killed Pikel
  6683 | D:7      | Reached skill level 5 in Polearms
  7365 | D:9      | Noticed a two-headed ogre
  7708 | D:8      | Reached *** piety under the Shining One
  7773 | D:8      | Reached XP level 10. HP: 61/66 MP: 11/13
  7893 | D:8      | Found a sacrificial altar of Ru.
  8750 | D:9      | Reached skill level 5 in Invocations
  9054 | D:9      | Killed a two-headed ogre
  9054 | D:9      | Reached skill level 10 in Armour
  9286 | D:9      | Reached skill level 10 in Fighting
  9408 | D:9      | Noticed Harold
  9423 | D:9      | Noticed Maurice
  9429 | D:9      | Noticed Erica
  9432 | D:9      | Killed Harold
  9439 | D:9      | Killed Erica
  9439 | D:9      | Reached XP level 11. HP: 73/73 MP: 15/15
  9483 | D:9      | Killed Maurice
  9529 | D:9      | Found a staircase to the Lair.
  9630 | D:9      | Found a basalt altar of Yredelemnul.
  9695 | D:10     | Entered Level 10 of the Dungeon
  9885 | D:10     | Noticed a two-headed ogre
  9893 | D:10     | Killed a two-headed ogre
  9912 | D:10     | Noticed a two-headed ogre
  9917 | D:10     | Killed a two-headed ogre
  9967 | D:10     | Reached **** piety under the Shining One
 10413 | D:10     | Found Pitwibes's Antique Armour Boutique.
 10440 | D:10     | Bought a brightly glowing helmet for 294 gold pieces
 10450 | D:10     | Identified the +0 helmet "Tigobase" {rF+} (You bought it in a shop on level 10 of the Dungeon)
 10656 | D:10     | Noticed a two-headed ogre
 10666 | D:10     | Killed a two-headed ogre
 10979 | D:11     | Noticed an unseen horror
 10985 | D:11     | Killed an unseen horror
 11075 | D:11     | Noticed Urug
 11138 | D:11     | Noticed a five-headed hydra
 11175 | D:11     | The Shining One protects you from harm!
 11184 | D:11     | Slain by a 14-headed hydra

Vault maps used:
D:1:      dpeg_arrival_morbid_curiosity
D:2:      zin_angel, lemuel_coloured_pillars_altar
D:3:      kennysheep_big_flooded_room, cheibriados_altar_1, first_ration,
          uniq_ijyb
D:4:      uniq_robin
D:5:      kennysheep_vampire_church, minmay_temple_entry_overgrown, basic_altar
D:6:      kennysheep_generic_room_6
D:7:      minitemple, uniq_pikel
D:8:      nicolae_ru_path_of_blood
D:9:      kennysheep_little_box, erik_lair_dragon, grunt_ministairs_8,
          uniq_harold, uniq_erica, uniq_maurice
D:10:     serial_shops, nicolae_shop_competitors_out_of_business, the_bakery,
          minmay_nine_imps
D:11:     basic_altar, minivault_1, uniq_urug

Skill      XL: |  1  2  3  4  5  6  7  8  9 10 11 |
---------------+----------------------------------+-----
Maces & Flails | 3 |  3.3
Fighting       | 4 5 6 7 9 10 11 | 11.3
Armour         | 4 5 6 7 9 10 11 | 11.4
Shields        | 4 |  4.0
Polearms       | 2 4 5 7 8 |  8.3
Invocations    | 4 6 8 |  8.2

Action                   |  1- 3 |  4- 6 |  7- 9 | 10-12 || total
-------------------------+-------+-------+-------+-------++-------
Melee: Flail             |   107 |       |       |       ||   107
       Whip              |    33 |    38 |       |       ||    71
       Halberd           |       |   321 |   291 |   330 ||   942
 Fire: Shortbow          |       |       |    50 |   132 ||   182
Throw: Javelin           |    14 |     3 |    10 |       ||    27
       Tomahawk          |       |       |     1 |       ||     1
Invok: Divine Shield     |       |       |       |     2 ||     2
Evoke: Wand              |       |     3 |     1 |    14 ||    18
  Use: Scroll            |       |     5 |     6 |     3 ||    14
       Potion            |       |     1 |       |     2 ||     3
  Eat: Chunk             |     3 |     6 |    22 |    11 ||    42
       Ration            |       |     1 |       |       ||     1
Armor: Scale mail        |    48 |       |       |       ||    48
       Plate armour      |    46 |   446 |   431 |   478 ||  1401
       Chain mail        |     6 |       |       |       ||     6
Dodge: Dodged            |    44 |   180 |   188 |   200 ||   612
       Deflected         |       |       |     9 |    11 ||    20
Block: Shield            |    74 |    27 |       |       ||   101
       Other             |       |       |       |    45 ||    45

Table legend:
 A = Spawn XP
 B = Non-spawn XP
 C = Spawn XP percentage of total XP
 D = Spawn monster count
 E = Non-spawn monster count
 F = Spawn count percentage of total count
 G = Total turns spent on level
                    A         B        C        D         E        F      G
               +---------+---------+-------+---------+---------+-------+---------
         Total |       0 |   18104 |   0.0 |       0 |     254 |   0.0 | 11184
               +---------+---------+-------+---------+---------+-------+---------
           D:1 |       0 |      42 |   0.0 |       0 |      21 |   0.0 |  1388
           D:2 |       0 |      95 |   0.0 |       0 |      17 |   0.0 |   953
           D:3 |       0 |     186 |   0.0 |       0 |      20 |   0.0 |  1702
           D:4 |       0 |     399 |   0.0 |       0 |      28 |   0.0 |   718
           D:5 |       0 |     725 |   0.0 |       0 |      27 |   0.0 |   894
           D:6 |       0 |    1281 |   0.0 |       0 |      25 |   0.0 |   654
           D:7 |       0 |    1698 |   0.0 |       0 |      21 |   0.0 |  1118
           D:8 |       0 |    1061 |   0.0 |       0 |      24 |   0.0 |  1209
           D:9 |       0 |    5489 |   0.0 |       0 |      29 |   0.0 |  1097
          D:10 |       0 |    5478 |   0.0 |       0 |      30 |   0.0 |  1190
          D:11 |       0 |    1650 |   0.0 |       0 |      12 |   0.0 |   261
               +---------+---------+-------+---------+---------+-------+---------
